 Dungeon Crawl Stone Soup version 0.30-a0-39-g42789b21ef (webtiles) character file.

Game seed: 7669897951669688604

163 ytrimaz the Insei (level 5, -3/33 HPs)
             Began as an Octopode Transmuter on Aug 29, 2022.
             Was an Initiate of Ashenzari.
             Slain by an ufetubus (4 damage)
             ... on level 4 of the Dungeon.
             The game lasted 00:02:55 (3665 turns).

ytrimaz the Insei (Octopode Transmuter)             Turns: 3665, Time: 00:02:55

Health: -3/33      AC:  1    Str:  9    XL:     5   Next: 44%
Magic:  8/8        EV: 13    Int: 17    God:    Ashenzari [......]
Gold:   225        SH:  0    Dex: 13    Spells: 2/8 levels left

rFire   . . .      SeeInvis .      - Unarmed
rCold   . . .      Faith    .    (no shield)
rNeg    . . .      Spirit   .    (helmet restricted)
rPois   .          Reflect  .    (no amulet)
rElec   .          Harm     .    c - ring of resist corrosion
rCorr   +          Rampage  .    (no ring)
Will    .....                    (no ring)
Stlth   ++........               (no ring)
HPRegen 0.11/turn                (no ring)
MPRegen 0.11/turn                (no ring)
                                 (no ring)
                                 (no ring)

@: no status effects
A: almost no armour, amphibious, 8 rings, camouflage 1, gelatinous body 1,
(nimble swimmer 1), tentacles
a: Renounce Religion


You were on level 4 of the Dungeon.
You worshipped Ashenzari.
Ashenzari was noncommittal.
You visited 1 branch of the dungeon, and saw 4 of its levels.

You collected 225 gold pieces.

Inventory:

Jewellery
 c - a ring of resist corrosion (left tentacle)
Wands
 g - a wand of paralysis (4)
Scrolls
 b - a scroll of teleportation
 i - a scroll of enchant armour
Potions
 a - 2 potions of heal wounds
 d - a potion of cancellation
 e - 2 potions of curing
 f - a potion of berserk rage
 h - a potion of magic {unknown}
 j - a potion of lignification


   Skills:
 - Level 1.0 Fighting
 - Level 2.0 Dodging
 + Level 4.6 Unarmed Combat
 - Level 2.0 Spellcasting
 + Level 2.9 Transmutations
 * Level 3.3 Poison Magic


You had 2 spell levels left.
You knew the following spells:

 Your Spells              Type           Power      Damage    Failure   Level
a - Beastly Appendage     Tmut           22%        N/A       6%          1
b - Wereblood             Tmut           11%        N/A       9%          2
c - Spider Form           Tmut/Pois      12%        N/A       16%         3

Your spell library contained the following spells:

 Spells                   Type           Power      Damage    Failure   Level
 Apportation              Tloc           2%         N/A       19%         1
 Magic Dart               Conj           4%         1d3       19%         1
 Necrotise                Necr           4%         1d4       19%         1
 Summon Small Mammal      Summ           4%         N/A       19%         1
 Searing Ray              Conj           2%         2d4       28%         2
 Ice Form                 Ice/Tmut       6%         N/A       71%         4
 Fulminant Prism          Conj/Hex       0%         3d6       88%         4


Dungeon Overview and Level Annotations

Branches:
Dungeon (4/15)
 Temple: D:4-7

Altars:
Ashenzari


Innate Abilities, Weirdness & Mutations

You cannot wear most types of armour.
You are amphibious.
You can wear up to eight rings at the same time.
Your skin changes colour to match your surroundings (Stealth+).
Your rubbery body absorbs attacks. (AC +1, EV +1)
((You are camouflaged when in or above water. (Stealth+)))
You have tentacles for arms and can constrict up to eight enemies at once.


Message History

Your squeeze misses the goblin.
The goblin is heavily wounded.
The goblin closely misses you.
You closely miss the goblin. Your grab misses the goblin.
You pierce the goblin.
You kill the goblin!
The kobold throws a stone.
The stone misses you.
You see here a +0 club.
The kobold throws a stone.
The stone hits you.
You tentacle-slap the kobold but do no damage.
You grab the kobold.
You pierce the kobold.
You squeeze the kobold.
You kill the kobold!
Things that are here:
a +0 dagger; 3 stones No target in view!
Your transformation is almost over.
No target in view!
An ufetubus comes into view.
An ufetubus is nearby!
An ufetubus is nearby!
An ufetubus is nearby!
The ufetubus shouts!
The ufetubus hits you. The ufetubus misses you.
You are too injured to fight recklessly!
Your tentacle spike disappears.
The ufetubus hits you. The ufetubus barely misses you. The ufetubus misses you.
The ufetubus hits you.
* * * LOW HITPOINT WARNING * * *
You are too injured to fight recklessly!
The ufetubus closely misses you. The ufetubus hits you.
* * * LOW HITPOINT WARNING * * *
You are too injured to fight recklessly!
You closely miss the ufetubus. Your grab misses the ufetubus.
The ufetubus misses you. The ufetubus hits you.
* * * LOW HITPOINT WARNING * * *
You tentacle-slap the ufetubus. Your grab misses the ufetubus.
Your squeeze misses the ufetubus.
The ufetubus is moderately wounded.
The ufetubus closely misses you. The ufetubus hits you.
You die...

######### ...
...#...# .....#
##.#...# .....#
##......## .....#
#........###.....#
#.................
#....)............
#.........#.......
#........5@#...
#....).........#
#..............#
##...#....##....#
##..##.....##.....
#........#.##.....
###.#.#.....#..#..
#.#.....#...##..
#.###.........


You could see an ufetubus.

Vanquished Creatures
  A necrophage (D:4)
  A gnoll (D:1)
  3 adders
  3 dart slugs
  2 ball pythons
  8 endoplasms
  4 giant cockroaches
  5 goblins
  10 hobgoblins
  2 jackals (D:2)
  5 kobolds
  2 quokkas
  3 bats
  3 frilled lizards
  8 rats
60 creatures vanquished.

Notes
Turn   | Place    | Note
-------+----------+-------------------------------------------
     0 | D:1      | ytrimaz the Octopode Transmuter began the quest for the
                  | Orb.
     0 | D:1      | Reached XP level 1. HP: 13/13 MP: 3/3
   221 | D:1      | Reached XP level 2. HP: 10/18 MP: 3/5
   703 | D:1      | Reached skill level 4 in Unarmed Combat
   729 | D:1      | Reached XP level 3. HP: 21/23 MP: 6/6
   732 | D:1      | Learned a level 2 spell: Wereblood
   736 | D:1      | Learned a level 3 spell: Spider Form
  1483 | D:1      | Reached skill level 1 in Poison Magic
  2299 | D:2      | Reached XP level 4. HP: 16/28 MP: 7/7
  2861 | D:3      | Found a broken altar of Ashenzari.
  2876 | D:3      | Became a worshipper of Ashenzari the Shackled
  2885 | D:3      | Identified the +0 chain mail of Elyvilon's Displeasure
                  | {rPois rC- MP+9 Stlth+}
  3602 | D:4      | Noticed a necrophage
  3623 | D:4      | Killed a necrophage
  3624 | D:4      | Reached XP level 5. HP: 17/33 MP: 5/8
  3664 | D:4      | HP: 1/33 [ufetubus (5)]
  3665 | D:4      | Slain by an ufetubus

Illustrated notes

Levels and vault maps discovered:
D:1:      matt_arrival_spirals, layout_basic, minmay_unequal
D:2:      layout_loops_cross
D:3:      layout_loops_ring, mainiacjoe_overflow_brackets,
          minmay_increasing_density
D:4:      layout_rooms, nicolae_overflow_hidden_temple, uniq_crazy_yiuf_cottage

Skill      XL: |  1  2  3  4 |
---------------+-------------+-----
Unarmed Combat | 4 |  4.6
Poison Magic   | 1 3 |  3.3
Fighting       | |  1.0
Dodging        | |  2.0
Spellcasting   | |  2.0
Transmutations | |  2.9

Action                   |  1- 3 |  4- 6 || total
-------------------------+-------+-------++-------
Melee: Unarmed           |    63 |    58 ||   121
       Kick              |    12 |    10 ||    22
       Tentacles         |    11 |     6 ||    17
       Constrict         |    16 |    14 ||    30
       Punch             |     2 |     1 ||     3
 Cast: Beastly Appendage |    16 |    12 ||    28
       Spider Form       |       |     1 ||     1
       Wereblood         |       |     1 ||     1
  Use: Scroll            |     2 |     6 ||     8
       Potion            |     1 |       ||     1
 Stab: Sleeping          |     1 |     4 ||     5
Armor: Skin              |    12 |     3 ||    15
Dodge: Dodged            |    42 |    34 ||    76

Table legend: (Time is in decaauts)
 A = Elapsed time spent in this place.
 B = Non-inter-level travel time spent in this place.
 C = Inter-level travel time spent in this place.
 D = Time resting spent in this place.
 E = Time spent auto-exploring this place.
 F = Levels seen in this place.
 G = Mean time per level.
                   A        B        C        D        E       F      G
               +--------+--------+--------+--------+--------+-----+--------+
         Total |   3654 |   3556 |     98 |    138 |   2961 |   4 |  913.5 |
       Dungeon |   3654 |   3556 |     98 |    138 |   2961 |   4 |  913.5 |
               +--------+--------+--------+--------+--------+-----+--------+

Top non-repeatable levels by time:
     D:1: 1948 daAuts
     D:3: 927 daAuts
     D:2: 716 daAuts
     D:4: 62 daAuts
